 Dungeon Crawl Stone Soup version 0.23-a0-130-g0e7800e (webtiles) character file.

2555 nikopol the Thaumaturge (level 9, -7/46 HPs)
             Began as a Deep Elf Fire Elementalist on Aug 27, 2018.
             Was a Follower of Vehumet.
             Killed from afar by Erica (25 damage)
             ... with an orb of energy
             ... on level 8 of the Dungeon.
             The game lasted 00:24:34 (8218 turns).

nikopol the Thaumaturge (DEFE)                      Turns: 8218, Time: 00:24:34

Health: -7/46      AC:  6    Str:  5    XL:     9   Next: 31%
Magic:  15/25      EV: 14    Int: 28    God:    Vehumet [*.....]
Gold:   368        SH:  7    Dex: 15    Spells: 9/28 levels left

rFire    . . .     SeeInvis .   t - +1 dagger (protect)
rCold    + . .     Gourm    .   w - +0 buckler
rNeg     . . .     Faith    .   a - +0 robe
rPois    .         Spirit   .   f - +0 helmet
rElec    .         Reflect  +   E - +2 cloak
rCorr    .         Harm     .   (no gloves)
MR       .....                  (no boots)
Stlth    +++.......             G - +3 amulet of reflection
HPRegen  0.15/turn              A - ring of protection from cold
MPRegen  0.19/turn              s - +4 ring of intelligence

@: lethally poisoned (-7 -> -12)
A: no striking features
a: Renounce Religion


You were on level 8 of the Dungeon.
You worshipped Vehumet.
Vehumet was aware of your devotion.
You were near starving.

You visited 2 branches of the dungeon, and saw 9 of its levels.

You collected 368 gold pieces.

Inventory:

Hand Weapons
 m - a +0 dagger of draining
 t - a +1 dagger of protection (weapon)
Armour
 a - a +0 robe (worn)
 d - a +0 cloak
 f - a +0 helmet (worn)
 w - a +0 buckler (worn)
 E - a +2 cloak (worn)
Jewellery
 r - an uncursed ring of flight
 s - a +4 ring of intelligence (right hand)
 A - a ring of protection from cold (left hand)
 G - a +3 amulet of reflection (around neck)
Wands
 j - a wand of enslavement (24)
 C - a wand of random effects (23)
 I - a wand of clouds (6)
Scrolls
 b - 2 scrolls of amnesia {unknown}
 e - 4 scrolls of remove curse
 i - 8 scrolls of teleportation
 l - 2 scrolls of blinking {unknown}
 q - 2 scrolls of enchant armour {unknown}
 y - 3 scrolls of enchant weapon {unknown}
 B - 2 scrolls of magic mapping {unknown}
 D - a scroll of fear {unknown}
 F - a scroll of random uselessness {unknown}
 H - 4 scrolls of identify
Potions
 g - 3 potions of haste
 h - a potion of ambrosia {unknown}
 k - 2 potions of lignification
 n - 3 potions of curing
 o - 2 potions of mutation
 p - a potion of might {unknown}
 u - 2 potions of brilliance
 v - 4 potions of flight
 x - a potion of heal wounds {unknown}
Comestibles
 c - 15 rations


   Skills:
 + Level 0.8 Fighting
 + Level 4.2 Dodging
 + Level 4.0 Stealth
 * Level 1.8 Shields
 + Level 10.0 Spellcasting
 + Level 6.8 Conjurations
 + Level 8.0 Fire Magic


You had 9 spell levels left.
You knew the following spells:

 Your Spells              Type           Power        Failure   Level  Hunger
a - Flame Tongue          Conj/Fire      #####        1%          1    None
b - Throw Flame           Conj/Fire      ######       1%          2    None
c - Conjure Flame         Conj/Fire      ######..     1%          3    None
d - Sticky Flame          Conj/Fire      ######..     2%          4    None
e - Fireball              Conj/Fire      ######....   7%          5    ###....
f - Force Lance           Conj/Tloc      ####....     13%         4    None

Your spell library contained the following spells:

 Spells                   Type           Power        Failure   Level  Hunger
 Shock                    Conj/Air       ####         1%          1    None
 Magic Dart               Conj           ####         1%          1    None
 Searing Ray              Conj           ######       1%          2    None
 Inner Flame              Hex/Fire       #####...     3%          3    None
 Iskenderun's Mystic Bla  Conj           ######..     3%          4    None
 Dazzling Spray           Conj/Hex       ####..       4%          3    None
 Corona                   Hex            ##.....      5%          1    None
 Ensorcelled Hibernation  Hex/Ice        ##....       8%          2    None
 Fulminant Prism          Conj/Hex       ####......   13%         4    None
 Confuse                  Hex            ##......     16%         3    None
 Tukima's Dance           Hex            ##......     16%         3    None


Dungeon Overview and Level Annotations

Branches:
Dungeon (8/15)             Temple (1/1) D:4
   Lair: D:8-11

Altars:
Ashenzari
Cheibriados
Hepliaklqana
Nemelex Xobeh
Qazlal
Sif Muna
Trog
Vehumet
Zin

Shops:
D:6 [

Annotations:
D:7 2 transporters
D:8 Erica


Message History

Aiming: Flame Tongue (safe; 1% risk of failure)
Press: ? - help, Shift-Dir - straight line, f/p - Erica
Aim: Erica, wielding a scimitar of flaming and wearing an embroidered robe The flame tongue hits Erica.
Erica resists.
Erica is moderately wounded.
You feel sick.
Erica burns!
Erica is engulfed in blazing flames.
Erica says, "Fast and perfect.
Such is my way of killing."
Erica closely misses you.
Casting: Flame Tongue (safe; 1% risk of failure)
Confirm with . or Enter, or press ? or * to list all spells.
Aiming: Flame Tongue (safe; 1% risk of failure)
Press: ? - help, Shift-Dir - straight line, f/p - Erica
Aim: Erica, wielding a scimitar of flaming and wearing an embroidered robe The flame tongue hits Erica.
Erica resists.
Erica is heavily wounded.
You feel sick.
Erica burns!
Erica is engulfed in blazing flames.
Erica casts a spell at you. The orb of energy hits you!
Ouch! That really hurt!
You die...

...............
...............
...#...........
............?..
............... .
.....$.....o. ....#......#
........o##################
....#.##.@@...........#....
. .. #####...............
... #..<.......#.... ...
#............... ##
#........<.#? #..........#
...........<.#
##.#......#### .......##.#


You could see Erica (burning) and an orc.

Vanquished Creatures
  Pikel (D:7)
  Grinder (D:3)
  Prince Ribbit (D:5)
  Edmund (D:4)
  An orc warrior (D:6)
  2 ice beasts
  A slave (D:7)
  A phantom (D:5)
  2 centaurs (D:6)
  An ogre (D:7)
  A bullfrog (D:6)
  An electric eel (D:6)
  A howler monkey (D:5)
  A bullfrog zombie (D:5)
  3 hounds
  Crazy Yiuf (D:5)
  3 orc priests
  2 jellies
  5 orc wizards
  Terence (D:2)
  Natasha (thrice) (D:2)
  3 worker ants
  A worker ant zombie (D:5)
  5 adders
  2 shadow imps
  2 oozes
  An adder skeleton (D:5)
  4 worms
  A dart slug (D:2)
  2 leopard geckos
  30 orcs
  6 bats
  5 giant cockroaches
  7 goblins
  6 hobgoblins
  5 jackals
  4 quokkas
  7 frilled lizards
  5 kobolds
  2 quokka skeletons
  13 rats
145 creatures vanquished.

Notes
Turn   | Place    | Note
-------+----------+-------------------------------------------
     0 | D:1      | nikopol the Deep Elf Fire Elementalist began the quest for
                  | the Orb.
     0 | D:1      | Reached XP level 1. HP: 10/10 MP: 6/6
   126 | D:1      | Reached XP level 2. HP: 10/15 MP: 0/8
   857 | D:1      | Reached XP level 3. HP: 19/19 MP: 6/10
   916 | D:1      | Learned a level 2 spell: Throw Flame
   920 | D:1      | Learned a level 3 spell: Conjure Flame
  1092 | D:2      | Noticed Natasha
  1101 | D:2      | Killed Natasha
  1121 | D:2      | Noticed Natasha
  1125 | D:2      | Killed Natasha
  1125 | D:2      | Reached skill level 4 in Spellcasting
  1125 | D:2      | Reached XP level 4. HP: 21/24 MP: 6/12
  1328 | D:2      | Noticed Terence
  1343 | D:2      | Killed Terence
  1410 | D:2      | Noticed Natasha
  1417 | D:2      | Killed Natasha
  1417 | D:2      | Reached XP level 5. HP: 14/28 MP: 8/13
  2052 | D:3      | Found a bloodstained altar of Trog.
  2330 | D:3      | Reached skill level 5 in Spellcasting
  2423 | D:3      | Reached skill level 5 in Fire Magic
  2423 | D:3      | Reached XP level 6. HP: 4/32 MP: 0/16
  2737 | D:3      | Found a glowing silver altar of Zin.
  2776 | D:3      | Noticed Grinder
  2783 | D:3      | Learned a level 4 spell: Sticky Flame
  2789 | D:3      | Learned a level 5 spell: Fireball
  2801 | D:3      | Killed Grinder
  2801 | D:3      | Reached skill level 6 in Spellcasting
  3413 | D:4      | Noticed Edmund
  3435 | D:4      | Killed Edmund
  3435 | D:4      | Reached XP level 7. HP: 36/36 MP: 5/18
  3652 | D:4      | Found a snail-covered altar of Cheibriados.
  3690 | D:4      | Found a staircase to the Ecumenical Temple.
  3865 | D:4      | Found a sparkling altar of Nemelex Xobeh.
  4270 | D:5      | Entered Level 5 of the Dungeon
  4458 | D:5      | Reached skill level 7 in Spellcasting
  4458 | D:5      | Reached skill level 5 in Conjurations
  4615 | D:5      | Found a deep blue altar of Sif Muna.
  4704 | D:5      | Noticed Prince Ribbit
  4722 | D:5      | Killed Prince Ribbit
  4722 | D:5      | Reached XP level 8. HP: 41/41 MP: 9/21
  5126 | D:5      | Reached skill level 8 in Spellcasting
  5140 | D:5      | Found a runed door.
  5144 | D:5      | Noticed Crazy Yiuf
  5150 | D:5      | Killed Crazy Yiuf
  5156 | D:5      | Learned a level 4 spell: Force Lance
  5271 | Temple   | Entered the Ecumenical Temple
  5295 | Temple   | Became a worshipper of Vehumet
  6358 | D:6      | Reached skill level 9 in Spellcasting
  6598 | D:6      | Found a hazy altar of Hepliaklqana.
  6664 | D:6      | Found Gegoecos's Armour Boutique.
  7066 | D:7      | Reached XP level 9. HP: 46/46 MP: 18/24
  7147 | D:7      | Reached * piety under Vehumet
  7147 | D:7      | Offered knowledge of Shock by Vehumet.
  7147 | D:7      | Reached skill level 1 in Shields
  7306 | D:7      | Noticed Pikel
  7453 | D:7      | Found a transporter.
  7495 | D:7      | Found a shattered altar of Ashenzari.
  7539 | D:7      | Found a stormy altar of Qazlal.
  7548 | D:7      | Found a transporter.
  7560 | D:7      | Noticed a polar bear
  7560 | D:7      | a hog changed into a polar bear
  7576 | D:7      | a polar bear changed into a golden eye
  7922 | D:7      | Killed Pikel
  7922 | D:7      | Reached skill level 10 in Spellcasting
  8207 | D:8      | Noticed Erica
  8218 | D:8      | Killed from afar by Erica

Vault maps used:
D:1:      eino_arrival_tree_alley, nrook_mini_vaults
D:2:      uniq_natasha, uniq_terence
D:3:      nicolae_overflow_hidden_temple, zin_scriptorium, uniq_grinder
D:4:      lemuel_doored_altar, minmay_temple_entry_from_below_a, first_ration,
          nemelex_dance_club_becter, uniq_edmund
D:5:      lemuel_blue_sif_altar, uniq_prince_ribbit1, uniq_crazy_yiuf_cottage
D:6:      nicolae_whirlpool, nicolae_overflow_crystal_walls, serial_shops,
          kennysheep_little_box, nicolae_water_bricks
D:7:      gammafunk_temple_overflow_arena, basic_altar, uniq_pikel
D:8:      lemuel_round_altar, nicolae_gozag_cash_rules_everything_around_me,
          dpeg_oklobed_lair, serial_shops, shop, minmay_nine_imps, uniq_erica,
          uniq_maurice
Temple:   minmay_temple_curvy_branch

Skill      XL: |  1  2  3  4  5  6  7  8  9 |
---------------+----------------------------+-----
Fire Magic     | 4 5 6 7 8 |  8.0
Spellcasting   | 4 5 6 7 9 10 | 10.0
Conjurations   | 2 3 4 5 6 |  6.8
Dodging        | 3 4 |  4.2
Stealth        | 3 4 |  4.0
Shields        | 1 |  1.8
Fighting       | |  0.8

Action                   |  1- 3 |  4- 6 |  7- 9 || total
-------------------------+-------+-------+-------++-------
Melee: Unarmed           |     1 |       |       ||     1
       Dagger            |       |     7 |     3 ||    10
 Cast: Flame Tongue      |    46 |   130 |   156 ||   332
       Conjure Flame     |       |     4 |    11 ||    15
       Sticky Flame      |       |     1 |    10 ||    11
       Throw Flame       |       |     1 |    12 ||    13
       Fireball          |       |       |     3 ||     3
  Use: Scroll            |       |       |    12 ||    12
  Eat: Chunk             |       |     5 |    10 ||    15
       Ration            |       |     1 |     1 ||     2
Armor: Robe              |     3 |     4 |     4 ||    11
Dodge: Dodged            |    15 |    13 |    29 ||    57

Table legend:
 A = Non-vault XP
 B = Vault XP
 C = Vault XP percentage of total XP
 D = Non-vault monster count
 E = Vault monster count
 F = Vault count percentage of total count
                 A         B        C        D         E       F
            +---------+---------+-------+---------+---------+-------
      Total |    1923 |    1727 |  47.3 |     133 |      11 |   7.6
            +---------+---------+-------+---------+---------+-------
        D:1 |      45 |       0 |   0.0 |      24 |       0 |   0.0
        D:2 |     118 |      69 |  36.9 |      24 |       2 |   7.7
        D:3 |     164 |     267 |  61.9 |      23 |       1 |   4.2
        D:4 |     222 |     179 |  44.6 |      19 |       3 |  13.6
        D:5 |     335 |     287 |  46.1 |      11 |       2 |  15.4
        D:6 |     734 |     228 |  23.7 |      24 |       2 |   7.7
        D:7 |     305 |     697 |  69.6 |       8 |       1 |  11.1
            +---------+---------+-------+---------+---------+-------
